 Dungeon Crawl Stone Soup version 0.26.1-11-gd32895ea62 (webtiles) character file.

Game seed: 14895461710391748158

46 Zeld the Skirmisher (level 3, -4/23 HPs)
             Began as a Gargoyle Berserker on Aug 9, 2021.
             Was a Follower of Trog.
             Slain by an ogre
             ... wielding a +0 giant club
              (22 damage)
             ... on level 2 of the Dungeon.
             The game lasted 00:14:22 (1617 turns).

Zeld the Skirmisher (Gargoyle Berserker)            Turns: 1617, Time: 00:14:22

Health: -4/23      AC:  5    Str: 20    XL:     3   Next: 66%
Magic:  3/3        EV: 12    Int:  7    God:    Trog [*.....]
Gold:   98         SH:  0    Dex: 10    Spells: 2/2 levels left

rFire    . . .     SeeInvis .   a - +0 mace
rCold    . . .     Faith    .   (no shield)
rNeg     + . .     Spirit   .   b - +0 animal skin
rPois    ∞         Reflect  .   (no helmet)
rElec    +         Harm     .   (no cloak)
rCorr    .         Rampage  .   (no gloves)
Will     .....                  (no boots)
Stlth    ++........             (no amulet)
HPRegen  0.07/turn              (no ring)
MPRegen  0.08/turn              (no ring)

@: no status effects
A: negative energy resistance 1, electricity resistance, unbreathing,
petrification resistance, miasma immunity, AC +3
a: Renounce Religion, Berserk


You were on level 2 of the Dungeon.
You worshipped Trog.
Trog was aware of your devotion.
You visited 1 branch of the dungeon, and saw 2 of its levels.

You collected 98 gold pieces.

Inventory:

Hand Weapons
 a - a +0 mace (weapon)
Armour
 b - a +0 animal skin (worn)
 e - a +0 pair of gloves
 g - a +0 scale mail
 k - a +0 pair of boots
Scrolls
 d - a scroll of enchant weapon {unknown}
 h - a scroll of identify {unknown}
 j - a scroll of fear {unknown}
Potions
 c - a potion of haste {unknown}
 f - a potion of attraction {unknown}
 i - a potion of flight {unknown}


   Skills:
 + Level 3.5 Fighting
 * Level 3.4 Maces & Flails
 + Level 2.4 Armour
 + Level 1.9 Dodging
 * Level 2.0 Stealth


You had 2 spell levels left.
You didn't know any spells.
Your spell library was empty.

Dungeon Overview and Level Annotations

Branches:
Dungeon (2/15)

Altars:
Gozag
Okawaru


Innate Abilities, Weirdness & Mutations

You are resistant to torment.
Your stone body is resilient. (AC +3)
You are immune to poison.
You resist negative energy. (rN+)
You are resistant to electric shocks. (rElec)
You can survive without breathing.
You are immune to petrification.
You are immune to miasma.


Message History

Found a scroll labelled LOYQYXK KOCORGH.
Found a stone staircase leading down.
A hobgoblin is nearby!
The hobgoblin shouts!
You hear a shout!
You see here 7 gold pieces.
You closely miss the hobgoblin.
An ogre comes into view. It is wielding a +0 giant club.
The hobgoblin misses you.
You hit the hobgoblin but do no damage. The hobgoblin closely misses you.
The hobgoblin barely misses you.
You barely miss the hobgoblin. The hobgoblin barely misses you.
You closely miss the hobgoblin.
The hobgoblin hits you but does no damage.
You barely miss the hobgoblin. The hobgoblin hits you.
You closely miss the ogre. The ogre hits you with a +0 giant club.
The hobgoblin misses you. The hobgoblin barely misses you.
You barely miss the ogre.
The ogre hits you with a +0 giant club!!
Ouch! That really hurt!
You die...

#.....#.## #.#
#...#....###...
.##...#.........#
......#.........#
.##........(..#
.....#..........#
.#.. #.....######
#. ##.#.#....
#@..#....
#gO......
#....?...
#..>.....
#.#.##### #.#.#
..#.. ###.##


You could see an ogre and a hobgoblin.

Vanquished Creatures
  An ooze (D:2)
  4 dart slugs
  2 leopard geckos (D:1)
  7 bats
  3 giant cockroaches (D:1)
  2 goblins (D:1)
  4 hobgoblins (D:1)
  5 kobolds (D:1)
  A ball python (D:1)
  2 frilled lizards (D:2)
  A rat (D:1)
32 creatures vanquished.

Notes
Turn   | Place    | Note
-------+----------+-------------------------------------------
     0 | D:1      | Zeld the Gargoyle Berserker began the quest for the Orb.
     0 | D:1      | Reached XP level 1. HP: 14/14 MP: 1/1
   397 | D:1      | Reached XP level 2. HP: 18/19 MP: 2/2
   439 | D:1      | Reached skill level 1 in Stealth
   679 | D:1      | Reached XP level 3. HP: 18/23 MP: 3/3
  1543 | D:2      | Found an opulent altar of Gozag.
  1543 | D:2      | Found an iron altar of Okawaru.
  1611 | D:2      | Noticed an ogre
  1617 | D:2      | Slain by an ogre

Illustrated notes

Levels and vault maps discovered:
D:1:      dpeg_arrival_solitude, layout_basic, minmay_misc_feat_secret_circle,
          minivault_4
D:2:      layout_basic, gammafunk_temple_overflow_elements, marbit_many_paths,
          minmay_puff, uniq_sigmund, uniq_natasha

Skill      XL: |  1  2  3 |
---------------+----------+-----
Stealth        | 1 2 |  2.0
Fighting       | |  3.5
Maces & Flails | |  3.4
Armour         | |  2.4
Dodging        | |  1.9

Action                   || total
-------------------------++-------
Melee: Mace              ||   124
Invok: Berserk           ||     3
 Stab: Distracted        ||     1
Armor: Animal skin       ||    64
Dodge: Dodged            ||   132
